 Dungeon Crawl Stone Soup version 0.17-a0-1882-g750edc8 (webtiles) character file.

8591 barthelm the Slicer (level 11, -8/72 HPs)
             Began as a Kobold Berserker on Sept 22, 2015.
             Was an Elder of Trog.
             Mangled by a komodo dragon (19 damage)
             ... on level 1 of the Lair of Beasts.
             The game lasted 01:08:34 (10504 turns).

barthelm the Slicer (Kobold Berserker)             Turns: 10504, Time: 01:08:34

Health: -8/72      AC: 10    Str: 20    XL:     11   Next: 58%
Magic:  11/11      EV: 21    Int:  5    God:    Trog [****..]
Gold:   539        SH:  0    Dex: 15    Spells: 0 memorised, 10 levels left

rFire  . . .     SeeInvis +     a - +4 short sword
rCold  . . .     Clarity  .     r - +3 leather armour
rNeg   . . .     SustAt   .     (shield restricted)
rPois  .         Gourm    .     (no helmet)
rElec  .         Spirit   .     L - +0 cloak
rCorr  .         Warding  .     q - +2 pair of gloves
rMut   .         Stasis   .     (no boots)
MR     +....                    (no amulet)
Stlth  +.........               j - ring of see invisible
                                t - ring of protection from magic

@: exhausted, slowed, very slow, somewhat resistant to hostile enchantments,
very unstealthy
A: carnivore 3
a: Burn Spellbooks, Berserk, Trog's Hand, Brothers in Arms, Renounce Religion


You were on level 1 of the Lair of Beasts.
You worshipped Trog.
Trog was greatly pleased with you.
You were very full.

You visited 2 branches of the dungeon, and saw 11 of its levels.
You also visited: Sewer and Bailey.

You collected 539 gold pieces.

Inventory:

Hand weapons
 a - a +4 short sword (weapon)
Missiles
 d - 373 stones (quivered)
 z - 69 tomahawks of returning
Armour
 b - a +0 animal skin
 q - a +2 pair of gloves (worn)
 r - a +3 leather armour (worn)
 L - a +0 cloak (worn)
Jewellery
 h - an uncursed ring of stealth {unknown}
 j - a ring of see invisible (right hand)
 t - a ring of protection from magic (left hand)
 I - an uncursed ring of protection from cold {unknown}
 P - an uncursed ring of protection from cold {unknown}
Magical devices
 i - a wand of fire (9)
 o - a wand of digging (3)
 w - a wand of disintegration (9)
 G - a wand of cold (10)
 O - a wand of magic darts (30)
Scrolls
 e - 3 scrolls of teleportation
 l - 2 scrolls of amnesia
 n - a scroll of blinking
 u - a scroll of remove curse
 x - 2 scrolls of fog
 y - a scroll of noise {unknown}
 H - a scroll of magic mapping {unknown}
 J - a scroll of torment {unknown}
 M - a scroll of random uselessness
 N - a scroll of identify
Potions
 f - a potion of invisibility {unknown}
 g - 2 potions of degeneration
 m - 4 potions of poison
 p - a potion of brilliance {unknown}
 s - 4 potions of heal wounds
 v - a potion of haste
 A - 2 potions of flight {unknown}
 B - 4 potions of magic
 C - a potion of agility {unknown}
 D - 2 potions of curing
 E - 3 potions of cure mutation {unknown}
 F - a potion of berserk rage
Comestibles
 c - 6 meat rations
 k - 6 beef jerkies
 K - 7 slices of pizza
 Q - 4 chunks of flesh


   Skills:
 * Level 9.8 Fighting
 + Level 13.5 Short Blades
 + Level 7.2 Throwing
 + Level 2.9 Armour
 + Level 10.8 Dodging
 + Level 0.8 Evocations


You had 10 spell levels left.
You didn't know any spells.

Dungeon Overview and Level Annotations

Branches:
Dungeon (10/15)            Temple (0/1) D:6            Lair (1/8) D:10
    Orc: D:9-12

Altars:
Dithmenos
Kikubaaqudgha
Okawaru
Qazlal
Ru
Trog
Xom

Shops:
D:4 =   D:5 }   D:10 =


Innate Abilities, Weirdness & Mutations

You are small and have problems with some larger weapons.
You are carnivorous and can eat meat at any time.


Message History

You barely miss the komodo dragon.
The komodo dragon is lightly wounded.
The komodo dragon bites you!
* * * LOW HITPOINT WARNING * * *
You hit the komodo dragon.
The komodo dragon is moderately wounded.
You barely miss the komodo dragon.
The komodo dragon is moderately wounded.
You hit the komodo dragon.
The komodo dragon is moderately wounded.
The komodo dragon bites you!
* * * LOW HITPOINT WARNING * * *
You feel a strong urge to attack something.
You feel your anger subside.
You are no longer berserk.
You are exhausted.
You feel yourself slow down.
You open the door. The komodo dragon barely misses you.
The komodo dragon bites you!!
You die...

# #.# ######.## #. # ###
#.### ....#... ##.###.#.##
#.#.#.. .. #.......>.##
#.#...# .+
####..........###.#...###.P
..##.........##...#...#.#(#
.......}........#.#..##.#(#
.###.........##.#.......#(#
## #.........##.@l###.#.#.#
##..####P####....#.....#
#P..# ### #######P##.#
###.# ### ## #.. ...


You could see a komodo dragon.

Vanquished Creatures
  The ghost of comborobin the Cutter, an experienced CeEn of Okawaru (Bailey)
  An orc knight (Bailey)
  The ghost of GrandHerb the Gusty, an experienced TeAE of Nemelex Xobeh (D:5)
  4 komodo dragons (Lair:1)
  A fire drake (D:10)
  A two-headed ogre (D:9)
  5 yaks (D:9)
  Sigmund (D:2)
  A deep elf mage (D:10)
  A steam dragon (D:9)
  A wyvern (D:9)
  A human (D:8)
  A water moccasin (D:7)
  A porcupine (Lair:1)
  5 sky beasts
  A wasp (D:8)
  2 black bears (D:8)
  An orc warrior (D:7)
  A crocodile (Sewer)
  A phantom (D:8)
  3 ogres
  A centaur (D:9)
  The ghost of Ijustatesigmund the Vandal, an average HaHu (D:3)
  7 giant frogs
  2 big kobolds
  A wyvern skeleton (D:8)
  3 killer bees (D:8)
  3 scorpions
  6 wights
  A crimson imp (D:6)
  2 giant frog skeletons
  A giant frog zombie (D:5)
  7 hounds
  5 orc priests
  4 jellies
  9 worker ants
  Jessica (D:2)
  4 iguanas
  Natasha (D:2)
  2 orc wizards
  4 sheep (D:8)
  A killer bee zombie (D:9)
  3 hound skeletons
  10 adders
  20 gnolls
  3 shadow imps
  2 oozes
  An adder zombie (D:5)
  A worm (D:3)
  4 giant geckos
  17 orcs
  9 giant cockroaches
  17 hobgoblins
  25 kobolds
  6 quokkas
  2 ball pythons
  8 bats
  A giant gecko skeleton (D:8)
  3 giant newts
  16 goblins
  15 jackals
  2 quokka skeletons
  11 rats
277 creatures vanquished.

Notes
Turn   | Place    | Note
--------------------------------------------------------------
     0 | D:1      | barthelm the Kobold Berserker began the quest for the Orb.
     0 | D:1      | Reached XP level 1. HP: 14/14 MP: 1/1
   102 | D:1      | Reached XP level 2. HP: 4/19 MP: 2/2
   785 | D:1      | Reached XP level 3. HP: 15/24 MP: 3/3
   836 | D:1      | Acquired Trog's second power
  1630 | D:2      | Reached skill level 1 in Throwing
  1717 | D:2      | Reached XP level 4. HP: 20/29 MP: 4/4
  1920 | D:2      | Noticed Jessica
  1924 | D:2      | Noticed Natasha
  1930 | D:2      | Killed Jessica
  1933 | D:2      | Killed Natasha
  1933 | D:2      | Reached XP level 5. HP: 30/33 MP: 5/5
  2072 | D:2      | Noticed Sigmund
  2084 | D:2      | Killed Sigmund
  2084 | D:2      | Reached skill level 5 in Short Blades
  2084 | D:2      | Reached XP level 6. HP: 39/39 MP: 6/6
  2462 | D:3      | Noticed Ijustatesigmund's ghost (average HaHu)
  2484 | D:3      | Killed Ijustatesigmund's ghost
  2484 | D:3      | Reached skill level 5 in Dodging
  2484 | D:3      | Reached XP level 7. HP: 44/44 MP: 7/7
  2604 | D:3      | Found a glowing drain.
  2650 | Sewer    | Entered a sewer
  3183 | D:3      | Reached skill level 6 in Short Blades
  3505 | D:3      | HP: 2/44 [poisoned by a scorpion]
  3715 | D:4      | Reached skill level 5 in Fighting
  3721 | D:4      | Acquired Trog's third power
  3783 | D:4      | Found Anlunoif's Jewellery Shop.
  3826 | D:4      | Reached XP level 8. HP: 26/49 MP: 8/8
  4072 | D:4      | Reached skill level 7 in Short Blades
  4172 | D:4      | Found a shadowy altar of Dithmenos.
  4447 | D:5      | Entered Level 5 of the Dungeon
  4519 | D:5      | Found Yxkuf's Gadget Emporium.
  4544 | D:5      | Reached skill level 5 in Throwing
  4651 | D:5      | Reached skill level 8 in Short Blades
  4660 | D:5      | Found a sacrificial altar of Ru.
  4819 | D:5      | Reached XP level 9. HP: 22/55 MP: 9/9
  4902 | D:5      | Noticed GrandHerb's ghost (experienced TeAE)
  5339 | D:5      | Killed GrandHerb's ghost
  5339 | D:5      | Reached skill level 9 in Short Blades
  5530 | D:6      | Found a staircase to the Ecumenical Temple.
  5944 | D:6      | Found a sand-covered staircase.
  6020 | D:6      | Found an ancient bone altar of Kikubaaqudgha.
  6452 | D:7      | Reached skill level 10 in Short Blades
  6697 | D:7      | Received a gift from Trog
  6712 | D:7      | Found a flagged portal.
  6726 | Bailey   | Entered a bailey
  6800 | Bailey   | Noticed comborobin's ghost (experienced CeEn)
  6835 | Bailey   | HP: 1/56 [poisoned by comborobin's ghost]
  7117 | Bailey   | Noticed an orc knight
  7154 | Bailey   | Killed comborobin's ghost
  7154 | Bailey   | Reached skill level 11 in Short Blades
  7154 | Bailey   | Reached XP level 10. HP: 63/63 MP: 10/10
  7282 | Bailey   | Killed an orc knight
  7282 | Bailey   | Reached skill level 12 in Short Blades
  7539 | D:7      | Found a stormy altar of Qazlal.
  7542 | D:7      | Found a bloodstained altar of Trog.
  7549 | D:7      | Found an iron altar of Okawaru.
  8085 | D:8      | Reached skill level 10 in Dodging
  8272 | D:8      | Found a shimmering altar of Xom.
  9082 | D:9      | Reached XP level 11. HP: 41/69 MP: 11/11
  9461 | D:9      | Reached skill level 13 in Short Blades
  9889 | D:10     | Entered Level 10 of the Dungeon
  9909 | D:10     | Found Xeghatoo's Jewellery Shoppe.
 10059 | D:10     | Received a gift from Trog
 10159 | D:10     | Found a staircase to the Lair.
 10201 | Lair:1   | Entered Level 1 of the Lair of Beasts
 10504 | Lair:1   | Mangled by a komodo dragon

Vault maps used:
D:1:      sevenhm_arrival_forest_fort_small_6
D:2:      uniq_sigmund, uniq_natasha, uniq_jessica
D:3:      first_bread, portal_sewer_entry_f
D:4:      serial_shops, shop, grunt_dithmenos_shadows
D:5:      lemuel_round_altar, serial_shops, nicolae_shop_crystal,
          glass_columns_b
D:6:      nicolae_overflow_hidden_temple, temple_statues,
          nicolae_ossuary_entry_false_entrances, dk_rats_in_the_wall
D:7:      grunt_temple_overflow_diamond, enter_bailey_3
D:8:      kennysheep_mini_moat, grunt_livestock
D:10:     lemuel_upstairs_altar, minmay_lair_entry_lava, serial_shops, shop,
          kennysheep_little_box, hex_medium
Lair:1:   beast_lair_carwin_9
Sewer:    sewer_the_crocodile
Bailey:   bailey_axe_2, bailey

Action                   |  1- 3 |  4- 6 |  7- 9 | 10-12 || total
-------------------------+-------+-------+-------+-------++-------
Melee: Short sword       |    95 |    87 |   689 |   403 ||  1274
Throw: Stone             |    88 |    27 |   131 |    17 ||   263
       Tomahawk          |       |       |       |    21 ||    21
Invok: Berserk           |       |     3 |    18 |    13 ||    34
       Trog's Hand       |       |     1 |     9 |     4 ||    14
       Burn Spellbooks   |       |       |     1 |     3 ||     4
Evoke: Wand              |       |       |     2 |       ||     2
  Use: Scroll            |     2 |       |    16 |     6 ||    24
       Potion            |     1 |       |     4 |       ||     5
 Stab: Sleeping          |       |       |     1 |     1 ||     2
  Eat: Chunk             |    11 |     4 |    36 |    24 ||    75
